 Dungeon Crawl Stone Soup version 0.29.1-1-gd02db6906a (webtiles) character file.

Game seed: 3108536408921595554

168 EvilAshe the Chopper (level 5, -4/45 HPs)
             Began as a Hill Orc Berserker on Sept 22, 2022.
             Was a Believer of Trog.
             Slain by a gnoll
             ... wielding a +0 flail
             ... led by a gnoll bouda
              (8 damage)
             ... on level 4 of the Dungeon.
             The game lasted 00:05:14 (4047 turns).

EvilAshe the Chopper (Hill Orc Berserker)           Turns: 4047, Time: 00:05:15

Health: -4/45      AC:  2    Str: 22    XL:     5   Next: 48%
Magic:  5/5        EV: 11    Int:  7    God:    Trog [**....]
Gold:   291        SH:  0    Dex: 10    Spells: 4/4 levels left

rFire   . . .      SeeInvis .   a - +0 hand axe
rCold   . . .      Faith    .   (no shield)
rNeg    . . .      Spirit   .   b - +0 animal skin
rPois   .          Reflect  .   (no helmet)
rElec   .          Harm     .   (no cloak)
rCorr   .          Rampage  .   (no gloves)
Will    ++...                   (no boots)
Stlth   +.........              (no amulet)
HPRegen 1.15/turn               (no ring)
MPRegen 0.09/turn               (no ring)

@: strong-willed, regenerating
A: no striking features
a: Renounce Religion, Berserk, Trog's Hand


You were on level 4 of the Dungeon.
You worshipped Trog.
Trog was pleased with you.
You visited 1 branch of the dungeon, and saw 4 of its levels.

You collected 291 gold pieces.

Inventory:

Hand Weapons
 a - a +0 hand axe (weapon)
Missiles
 e - 40 stones
 i - 5 boomerangs (quivered)
 o - 5 javelins
 u - 9 poisoned darts
Armour
 b - a +0 animal skin (worn)
Jewellery
 t - a ring of willpower
Scrolls
 d - 6 scrolls of identify {unknown}
 f - a scroll of silence {unknown}
 h - a scroll of torment {unknown}
 j - 2 scrolls of immolation {unknown}
 k - a scroll of fog {unknown}
 l - a scroll of amnesia {unknown}
 n - a scroll of blinking {unknown}
 r - 2 scrolls of teleportation {unknown}
 s - a scroll of poison {unknown}
 v - a scroll of enchant armour {unknown}
Potions
 c - a potion of cancellation {unknown}
 g - 3 potions of curing {unknown}
 m - a potion of brilliance {unknown}
 p - 2 potions of attraction {unknown}
 q - a potion of might {unknown}


   Skills:
 - Level 3.6 Fighting
 + Level 7.9 Axes
 - Level 2.1 Armour
 - Level 1.5 Dodging


You had 4 spell levels left.
You didn't know any spells.
Your spell library was empty.

Dungeon Overview and Level Annotations

Branches:
Dungeon (4/15)
 Temple: D:4-7

Altars:
Nemelex Xobeh

Shops:
D:4 !


Message History

There is a stone staircase leading up here.
Found an escape hatch in the floor.
r - 2 scrolls labelled UNASIG ZAEM (gained 1)
e - 40 stones (gained 2)
Found a scale mail.
Found a stone staircase leading down.
Found Pusuc's Distillery. 2 gnolls come into view.
The gnoll shouts!
You hear a shout!
A gnoll bouda comes into view. It is wielding a +0 whip.
The gnoll bouda barks out a call to the hunt!
The gnoll picks up the pace!
You hear a shout!
The gnoll bouda gazes fiercely through you!
You feel your attacks grow feeble.
Your attacks no longer feel as feeble.
The gnoll hits you with a +0 club. The gnoll attacks as you move away!
The gnoll hits you with a +0 club. The gnoll attacks as you move away!
The gnoll barely misses you.
The gnoll is no longer moving quickly.
The gnoll hits you with a +0 club. The gnoll attacks as you move away!
The gnoll barely misses you.
The gnoll is no longer moving quickly.
The gnoll bouda barks out a call to the hunt!
The gnolls pick up the pace!
The gnoll attacks as you move away! The gnoll hits you with a +0 club. x2
The gnoll attacks as you move away! The gnoll barely misses you.
The gnoll hits you with a +0 club! The gnoll attacks as you move away!
The gnoll hits you with a +0 club!
* * * LOW HITPOINT WARNING * * *
The gnoll attacks as you move away! The gnoll closely misses you.
The gnoll misses you. The gnoll attacks as you move away!
The gnoll barely misses you. The gnoll attacks as you move away!
The gnoll closely misses you. x2
The gnoll attacks as you move away! The gnoll hits you with a +0 flail!
* * * LOW HITPOINT WARNING * * *
There is a stone staircase leading up here.
Your skin crawls.
You feel strong-willed. The gnoll hits you with a +0 flail!
You die...

#.# #.... # #g# #..###
#.###.####..#
##...........#######
#............>......
#.####g#####.####### #
#.# #.#
####.#####.###########
#..........##g@.......
.........g....g.########
###...########### ####


You could see a gnoll bouda and 2 gnolls.

Vanquished Creatures
  A howler monkey (D:4)
  A hound (D:4)
  5 adders
  5 orcs (D:3)
  8 ball pythons
  4 endoplasms
  2 giant cockroaches
  10 goblins
  A hobgoblin (D:4)
  A quokka (D:3)
  3 bats (D:1)
  4 frilled lizards
  7 kobolds
  2 rats
54 creatures vanquished.

Notes
Turn   | Place    | Note
-------+----------+-------------------------------------------
     0 | D:1      | EvilAshe the Hill Orc Berserker began the quest for the
                  | Orb.
     0 | D:1      | Reached XP level 1. HP: 19/19 MP: 1/1
   175 | D:1      | Reached XP level 2. HP: 26/26 MP: 2/2
   350 | D:2      | Reached skill level 5 in Axes
   734 | D:1      | Reached ** piety under Trog
  1045 | D:2      | Reached XP level 3. HP: 31/31 MP: 3/3
  1205 | D:2      | Found a sparkling altar of Nemelex Xobeh.
  1690 | D:2      | Found a faded altar of an unknown god.
  1709 | D:2      | Reached skill level 6 in Axes
  2332 | D:3      | Reached XP level 4. HP: 30/39 MP: 4/4
  3567 | D:3      | Reached skill level 7 in Axes
  3761 | D:4      | Reached XP level 5. HP: 37/45 MP: 5/5
  3932 | D:4      | Noticed an ogre
  4016 | D:4      | Found Pusuc's Distillery.
  4047 | D:4      | Slain by a gnoll

Illustrated notes

Levels and vault maps discovered:
D:1:      psy_arrival_whirlpool, layout_loops_ring, roderic_serpentine_path
D:2:      layout_loops_cross, basic_altar, nicolae_ecumenical_snake_handling,
          dk_noncrumbling_2
D:3:      layout_loops_corners, minmay_starry_boxes
D:4:      layout_loops_ring, serial_shops, shop_fountains

Skill      XL: |  1  2  3  4 |
---------------+-------------+-----
Axes           | 5 6 7 |  7.9
Fighting       | |  3.6
Armour         | |  2.1
Dodging        | |  1.5

Action                   |  1- 3 |  4- 6 || total
-------------------------+-------+-------++-------
Melee: Hand axe          |   104 |    73 ||   177
       Punch             |     1 |     2 ||     3
Throw: Boomerang         |       |     4 ||     4
Invok: Berserk           |     3 |     3 ||     6
       Trog's Hand       |       |     2 ||     2
 Stab: Sleeping          |       |     1 ||     1
Armor: Animal skin       |    17 |    12 ||    29
Dodge: Dodged            |    53 |    36 ||    89
